 Dungeon Crawl Stone Soup version 0.23.2-33-g5129a83184 (webtiles) character file.

Game seed: 3629546739661747351

652 Lauz the Chopper (level 7, -2/61 HPs)
             Began as a Hill Orc Fighter on July 10, 2019.
             Slain by a sky beast (6 damage)
             ... on level 4 of the Dungeon.
             The game lasted 00:07:12 (3501 turns).

Lauz the Chopper (Hill Orc Fighter)                 Turns: 3501, Time: 00:07:14

Health: -2/61      AC: 12    Str: 20    XL:     7   Next: 54%
Magic:  7/7        EV:  8    Int:  9    God:
Gold:   155        SH:  9    Dex: 10    Spells: 6/6 levels left

rFire    . . .     SeeInvis .   a - +0 war axe
rCold    . . .     Gourm    .   c - +0 shield
rNeg     . . .     Faith    .   b - +0 scale mail
rPois    .         Spirit   .   v - +1 helmet
rElec    .         Reflect  .   (no cloak)
rCorr    .         Harm     .   o - +2 pair of gloves {archery}
MR       .....                  (no boots)
Stlth    ..........             p - amulet of rage
HPRegen  0.20/turn              (no ring)
MPRegen  0.10/turn              (no ring)

@: studying Polearms, very slow
A: no striking features
a: Evoke Berserk Rage


You were on level 4 of the Dungeon.
You were hungry.

You visited 2 branches of the dungeon, and saw 6 of its levels.

You collected 155 gold pieces.

Inventory:

Hand Weapons
 a - a +0 war axe (weapon)
Armour
 b - a +0 scale mail (worn)
 c - a +0 shield (worn)
 o - a +2 pair of gloves of archery (worn)
 u - a +2 pair of gloves
 v - a +1 helmet (worn)
Jewellery
 m - an uncursed amulet of magic regeneration
 p - an amulet of rage (around neck)
 w - a +5 ring of intelligence {unknown}
Wands
 q - a wand of digging (7)
 x - a wand of flame (14)
Scrolls
 g - 5 scrolls of remove curse {unknown}
 h - 4 scrolls of identify {unknown}
 i - a scroll of enchant armour {unknown}
 j - 2 scrolls of magic mapping {unknown}
 k - 2 scrolls of teleportation {unknown}
 n - 4 scrolls of fear {unknown}
 t - 2 scrolls of immolation {unknown}
 y - 2 scrolls of fog {unknown}
 B - a scroll of random uselessness {unknown}
Potions
 d - 2 potions of might
 e - 2 potions of berserk rage
 l - 2 potions of mutation {unknown}
 r - 4 potions of curing
 s - 2 potions of degeneration {unknown}
 A - a potion of brilliance {unknown}
Books
 z - a manual of Polearms
Comestibles
 f - 5 rations


   Skills:
 + Level 5.6 Fighting
 + Level 7.0 Axes
 + Level 4.9 Armour
 + Level 0.9 Dodging
 + Level 0.6 Stealth
 + Level 4.8 Shields


You had 6 spell levels left.
You didn't know any spells.
Your spell library contained the following spells:

 Spells                   Type           Power        Failure   Level  Hunger
 Magic Dart               Conj           #...         99%         1    ##.....
 Blink                    Tloc           N/A          99%         2    ###....
 Call Imp                 Summ           #.......     99%         2    ###....
 Slow                     Hex            #.......     99%         2    ###....
 Conjure Flame            Conj/Fire      #.......     100%        3    ####...
 Mephitic Cloud           Conj/Pois/Air  #.......     100%        3    ####...


Dungeon Overview and Level Annotations

Branches:
Dungeon (5/15)             Temple (1/1) D:4

Altars:
Ashenzari
Cheibriados
Dithmenos
Elyvilon
Gozag
Qazlal
Ru
Sif Muna
Trog
Uskayaw
Vehumet
Wu Jian
Xom
Zin
The Shining One


Message History

Something hits you but does no damage. You block something's attack.
You block something's attack. Something hits you but does no damage.
Something hits you but does no damage. Something hits you but does no damage.
Something hits you but does no damage.
A sky beast appears from thin air!
Reactivating autopickup.
The sky beast hits you but does no damage.
The sky beast hits you but does no damage.
The sky beast hits you.
* * * LOW HITPOINT WARNING * * *
The sky beast shocks you.
* * * LOW HITPOINT WARNING * * *
You block the sky beast's attack. The sky beast hits you.
* * * LOW HITPOINT WARNING * * *
The sky beast shocks you.
You die...

## #8 ############ #.
.#...#...#.# #.
..#..#..#.)######### #.
...#.#.#...........# #8
....###....#.#####.# ##
...............###.###### #
##.......###....@>......# ##
#.#.....#.#.#....Y......# #≈
#..#...#..#..#.>........## #≈
#...#.#...#)..#..........# ##
###############^.........# ##
#............#...........## #.
......######.#............######.
......######.##.........#......##
#.##.........##...........####.##


You could see a sky beast.

Vanquished Creatures
  Sigmund (D:4)
  A phantom (D:4)
  A centaur (D:4)
  A scorpion (D:4)
  An iguana (D:4)
  Natasha (thrice) (D:3)
  Terence (D:1)
  6 adders
  A gnoll (D:5)
  3 worms
  A dart slug (D:1)
  2 leopard geckos (D:1)
  9 orcs
  3 giant cockroaches
  10 goblins
  5 hobgoblins
  4 jackals
  A quokka (D:2)
  A ball python (D:3)
  10 bats
  3 frilled lizards
  5 kobolds
  8 rats
81 creatures vanquished.

Notes
Turn   | Place    | Note
-------+----------+-------------------------------------------
     0 | D:1      | Lauz the Hill Orc Fighter began the quest for the Orb.
     0 | D:1      | Reached XP level 1. HP: 19/19 MP: 1/1
    55 | D:1      | Reached XP level 2. HP: 25/27 MP: 2/2
   249 | D:1      | Reached skill level 3 in Axes
   382 | D:1      | Reached XP level 3. HP: 29/33 MP: 3/3
   509 | D:2      | Noticed Terence
   526 | D:1      | Killed Terence
   536 | D:2      | Reached XP level 4. HP: 27/40 MP: 4/4
   654 | D:2      | You fall through a shaft for 2 floors!
   744 | D:3      | Found an ornate altar of the Wu Jian Council.
   899 | D:3      | Found a shimmering altar of Xom.
   932 | D:2      | Noticed Natasha
  1031 | D:3      | Killed Natasha
  1370 | D:2      | Found a white marble altar of Elyvilon.
  1464 | D:2      | Reached skill level 4 in Axes
  1464 | D:2      | Reached XP level 5. HP: 47/47 MP: 5/5
  1709 | D:3      | Reached skill level 5 in Fighting
  1968 | D:3      | Found a shimmering altar of Xom.
  1982 | D:3      | Found a shimmering altar of Xom.
  1983 | D:3      | Found a shimmering altar of Xom.
  1983 | D:3      | Found a shimmering altar of Xom.
  1986 | D:3      | Found a shimmering altar of Xom.
  2060 | D:3      | Noticed Natasha
  2062 | D:3      | Killed Natasha
  2070 | D:3      | Noticed Natasha
  2074 | D:3      | Killed Natasha
  2218 | D:3      | Found a shimmering altar of Xom.
  2334 | D:4      | Noticed a phantom
  2379 | D:4      | Reached XP level 6. HP: 54/56 MP: 6/6
  2410 | D:4      | Reached skill level 5 in Axes
  2413 | D:4      | Killed a phantom
  2883 | D:4      | Noticed Sigmund
  2893 | D:4      | Killed Sigmund
  2893 | D:4      | Reached skill level 6 in Axes
  2893 | D:4      | Reached XP level 7. HP: 44/61 MP: 7/7
  2992 | D:4      | Found a staircase to the Ecumenical Temple.
  2998 | Temple   | Entered the Ecumenical Temple
  3441 | D:5      | Entered Level 5 of the Dungeon
  3447 | D:5      | Reached skill level 7 in Axes
  3501 | D:4      | Slain by a sky beast

Skill      XL: |  1  2  3  4  5  6  7 |
---------------+----------------------+-----
Fighting       | 4 5 |  5.6
Axes           | 3 4 6 7 |  7.0
Shields        | 4 |  4.8
Armour         | 4 |  4.9
Dodging        | |  0.9
Stealth        | |  0.6

Action                   |  1- 3 |  4- 6 |  7- 9 || total
-------------------------+-------+-------+-------++-------
Melee: War axe           |    72 |   229 |    12 ||   313
  Use: Potion            |     3 |       |       ||     3
 Stab: Distracted        |       |     1 |       ||     1
  Eat: Chunk             |       |     6 |     2 ||     8
Armor: Scale mail        |    35 |   131 |    36 ||   202
Dodge: Dodged            |    18 |    84 |     9 ||   111
Block: Shield            |    48 |   125 |    20 ||   193
